 Dungeon Crawl Stone Soup version 0.30-a0-743-gbfdf073431 (webtiles) character file.

Game seed: 9755738250808707854

19 Grognak the Shield-Bearer (level 2, -4/27 HPs)
             Began as a Minotaur Fighter on Feb 7, 2023.
             Slain by Sigmund
             ... wielding a +0 scythe
              (9 damage)
             ... on level 2 of the Dungeon.
             The game lasted 00:01:04 (1048 turns).

Grognak the Shield-Bearer (Minotaur Fighter)        Turns: 1048, Time: 00:01:05

Health: -4/27      AC:  9    Str: 20    XL:     2   Next: 55%
Magic:  1/1        EV:  7    Int:  5    God:
Gold:   79         SH:  4    Dex:  9    Spells: 1/1 levels left

rFire   . . .      SeeInvis .    a - +0 flail
rCold   . . .      Faith    .    c - +0 buckler
rNeg    . . .      Spirit   .    g - +0 chain mail
rPois   .          Reflect  .    (helmet restricted)
rElec   .          Harm     .    (no cloak)
rCorr   .          Rampage  .    (no gloves)
Will    .....                    (no boots) Stlth
                                 (no amulet)
HPRegen 0.24/turn                (no ring)
MPRegen 0.07/turn                (no ring)

@: no status effects
A: horns 2, retaliatory headbutt
a: no special abilities


You were on level 2 of the Dungeon.
You visited 1 branch of the dungeon, and saw 2 of its levels.

You collected 79 gold pieces.

Inventory:

Hand Weapons
 a - a +0 flail (weapon)
Armour
 c - a +0 buckler (worn)
 g - a +0 chain mail (worn)
Scrolls
 b - a scroll of fear {unknown}
 f - a scroll of identify
Potions
 d - 2 potions of might
 e - a potion of brilliance


   Skills:
 * Level 3.9 Fighting
 * Level 2.8 Maces & Flails
 * Level 3.9 Armour
 * Level 0.1 Dodging
 * Level 3.9 Shields


You had one spell level left.
You didn't know any spells.
Your spell library was empty.

Dungeon Overview and Level Annotations

Branches:
Dungeon (2/15)

Altars:

Annotations:
D:2 Sigmund


Innate Abilities, Weirdness & Mutations

You have a pair of horns on your head.
You reflexively headbutt those who attack you in melee.


Message History

The quokka closely misses you.
You closely miss the quokka.
The quokka bites you but does no damage.
You hit the quokka.
The quokka is almost dead.
The quokka bites you but does no damage. x2
You hit the quokka but do no damage. You headbutt the quokka.
You kill the quokka!
No target in view!
An endoplasm comes into view.
The endoplasm quivers.
An endoplasm is nearby!
The endoplasm freezes you.
You are frozen.
You sock the endoplasm!
You kill the endoplasm!
No target in view!
No target in view!
HP restored.
Found a leather armour.
No target in view!
You now have 79 gold pieces (gained 6).
You open the door.
There is an open door here.
Sigmund the Dreaded comes into view.
He is wielding a +0 scythe and carrying a wand of light (8).
Sigmund shouts!
Sigmund zaps a wand.
The bolt of light hits you!
Sigmund gestures wildly while chanting.
Sigmund flickers and vanishes!
Deactivating autopickup; reactivate with Ctrl-A.
No target in view!
No target in view!
No target in view!
Something hits you.
You barely miss something. Something hits you!
* * * LOW HITPOINT WARNING * * *
You miss something. Your headbutt misses something. Something hits you.
* * * LOW HITPOINT WARNING * * *
You closely miss something. Something hits you!
You die...

#.###..# #.# ##.#.###
#.# ##.## ##'## #.#
##...## #####.#
##.....## #.....#
##.......##
#.#...####.........#
#........+.........+
#.#...####...@.....#
####.##.## ##..{....##
#......## ##.....##
#.##.#.# ##...## #.#.#
##+##
#.#.##########.####
#......[....##....
####..######.##..#####
#........# #.#........


There were no monsters in sight!

Vanquished Creatures
  A ball python (D:1)
  An endoplasm (D:2)
  A giant cockroach (D:1)
  2 goblins (D:1)
  3 hobgoblins (D:1)
  3 quokkas
  A bat (D:1)
  3 frilled lizards
  A kobold (D:1)
  2 rats (D:1)
18 creatures vanquished.

Notes
Turn   | Place    | Note
-------+----------+-------------------------------------------
     0 | D:1      | Grognak the Minotaur Fighter began the quest for the Orb.
     0 | D:1      | Reached XP level 1. HP: 19/19 MP: 0/0
   171 | D:1      | Reached XP level 2. HP: 27/27 MP: 1/1
  1040 | D:2      | Noticed Sigmund
  1048 | D:2      | Slain by Sigmund

Illustrated notes

Levels and vault maps discovered:
D:1:      shiori_arrival_maze, layout_loops_corners
D:2:      wander_river, layout_loops_corners,
          hellmonk_ecumenical_altar_slurped_away, uniq_sigmund, uniq_terence

Action                     || total
---------------------------++-------
  Melee: Flail             ||    38
         Headbutt          ||     2
    Use: Scroll            ||     1
 Armour: Scale mail        ||     4
         Chain mail        ||    17
  Dodge: Dodged            ||    14
  Block: Buckler           ||     4

Table legend: (Time is in decaauts)
 A = Elapsed time spent in this place.
 B = Non-inter-level travel time spent in this place.
 C = Inter-level travel time spent in this place.
 D = Time resting spent in this place.
 E = Time spent auto-exploring this place.
 F = Levels seen in this place.
 G = Mean time per level.
                   A        B        C        D        E       F      G
               +--------+--------+--------+--------+--------+-----+--------+
         Total |   1059 |   1046 |     13 |      0 |    895 |   2 |  529.5 |
       Dungeon |   1059 |   1046 |     13 |      0 |    895 |   2 |  529.5 |
               +--------+--------+--------+--------+--------+-----+--------+

Top non-repeatable levels by time:
     D:1: 953 daAuts
     D:2: 105 daAuts
